 Dungeon Crawl Stone Soup version 0.18.1-50-g88ac8fd (webtiles) character file.

289 DarthKuruptios the Magician (level 6, -8/32 HPs)
             Began as a Deep Elf Fire Elementalist on Dec 11, 2018.
             Killed by divine providence
             ... invoked by an orc priest
              (11 damage)
             ... on level 4 of the Dungeon.
             The game lasted 00:14:39 (4009 turns).

DarthKuruptios the Magician (DEFE)                  Turns: 4009, Time: 00:14:39

Health: -8/32      AC:  6    Str:  5    XL:     6   Next: 9%
Magic:  2/15       EV: 13    Int: 22    God:
Gold:   163        SH:  0    Dex: 15    Spells: 2 memorised, 12 levels left

rFire  . . .     SeeInvis .     (no weapon)
rCold  . . .     Gourm    .     a - +0 robe
rNeg   . . .     Faith    .     (no shield)
rPois  .         Spirit   .     h - +0 helmet
rElec  .         Dismiss  .     (no cloak)
rCorr  .         Reflect  .     f - +0 pair of gloves
SustAt .         Harm     .     m - +1 pair of boots
MR     .....                    (no amulet)
Stlth  +++.......               (no ring)
                                (no ring)

@: not resistant to hostile enchantments, fairly stealthy
A: no striking features
a: no special abilities


You were on level 4 of the Dungeon.
You were not hungry.

You visited 1 branch of the dungeon, and saw 4 of its levels.

You collected 163 gold pieces.

Inventory:

Armour
 a - a +0 robe (worn)
 e - a +0 leather armour
 f - a +0 pair of gloves (worn)
 h - a +0 helmet (worn)
 m - a +1 pair of boots (worn)
Scrolls
 r - 2 scrolls of enchant armour
 s - 4 scrolls of identify
Potions
 g - 2 potions of invisibility
 i - a potion of flight {unknown}
 j - a potion of agility
 k - a potion of brilliance {unknown}
 l - 4 potions of lignification {unknown}
 n - a potion of cure mutation {unknown}
 v - a potion of heal wounds {unknown}
Books
 b - a book of Flames

   Spells                             Type                      Level
   a - Flame Tongue                   Conjuration/Fire             1
   b - Throw Flame                    Conjuration/Fire             2
   c - Conjure Flame                  Conjuration/Fire             3
   d - Inner Flame                    Hexes/Fire                   3
   e - Sticky Flame                   Conjuration/Fire             4
   f - Fireball                       Conjuration/Fire             5
Comestibles
 c - a bread ration
 o - 3 royal jellies
 u - a meat ration


   Skills:
 + Level 1.4 Armour
 + Level 3.2 Dodging
 + Level 3.7 Stealth
 + Level 5.0 Spellcasting
 * Level 2.9 Conjurations
 + Level 4.4 Fire Magic


You had 12 spell levels left.
You knew the following spells:

 Your Spells              Type           Power        Failure   Level  Hunger
a - Flame Tongue          Conj/Fire      ###..        2%          1    None
b - Throw Flame           Conj/Fire      ###...       4%          2    None


Dungeon Overview and Level Annotations

Branches:
Dungeon (4/15)
 Temple: D:4-7

Altars:
Elyvilon


Message History

You kill the orc!
The orc priest invokes the aid of Beogh against you.
Beogh smites you!
* * * LOW HITPOINT WARNING * * *
Drink which item? (? for menu, Esc to quit)
Okay, then.
The orc priest invokes the aid of Beogh against you.
Pain shoots through your body!
* * * LOW HITPOINT WARNING * * *
Casting: Throw Flame
Confirm with . or Enter, or press ? or * to list all spells.
Aiming: Throw Flame
Press: ? - help, Shift-Dir - straight line, f - orc
Aim: an orc, wearing a leather armour The puff of flame hits the orc.
You kill the orc!
Unknown command.
The orc priest calls down the wrath of Beogh upon you.
Beogh smites you!
You die...

############
#...@......#
#.########o#
#.# #.# #.#
######.# #.#
#.....o# #.#
#.###.o# #.#
#..# #.#
#.†# #.#
#..#


You could see an orc priest.

Vanquished Creatures
  The ghost of DarthKuruptios the Caller, a weakling DESu of Vehumet (D:3)
  An orc priest (D:3)
  Jessica (D:3)
  Terence (D:3)
  8 adders
  2 worms
  2 dart slugs (D:1)
  3 giant geckos
  9 orcs
  9 bats
  5 giant cockroaches
  7 hobgoblins
  5 jackals
  7 kobolds
  A quokka (D:2)
  A ball python (D:3)
  5 giant newts
  8 goblins
  12 rats
88 creatures vanquished.

Notes
Turn   | Place    | Note
--------------------------------------------------------------
     0 | D:1      | DarthKuruptios the Deep Elf Fire Elementalist began the quest for the Orb.
     0 | D:1      | Reached XP level 1. HP: 10/10 MP: 6/6
   164 | D:1      | Reached XP level 2. HP: 15/15 MP: 6/8
   445 | D:1      | Learned a level 2 spell: Throw Flame
   709 | D:1      | Reached XP level 3. HP: 17/19 MP: 3/10
  1135 | D:1      | Reached skill level 4 in Spellcasting
  1549 | D:2      | Reached XP level 4. HP: 24/24 MP: 1/12
  2345 | D:3      | Noticed Terence
  2352 | D:3      | Killed Terence
  2355 | D:3      | Reached skill level 1 in Armour
  2355 | D:3      | Reached XP level 5. HP: 28/28 MP: 1/14
  2553 | D:3      | Noticed DarthKuruptios's ghost (weakling DESu)
  2557 | D:3      | Killed DarthKuruptios's ghost
  3203 | D:3      | Noticed Jessica
  3209 | D:3      | Killed Jessica
  3505 | D:3      | Found a white marble altar of Elyvilon.
  3605 | D:3      | Reached skill level 5 in Spellcasting
  3609 | D:3      | Reached XP level 6. HP: 24/32 MP: 0/15
  4009 | D:4      | Killed from afar by an orc priest

Skill      XL: |  1  2  3  4  5 |
---------------+----------------+-----
Spellcasting   | 4 5 |  5.0
Fire Magic     | 4 |  4.4
Conjurations   | 2 |  2.9
Stealth        | 3 |  3.7
Armour         | 1 |  1.4
Dodging        | 3 |  3.2

Action                   |  1- 3 |  4- 6 || total
-------------------------+-------+-------++-------
 Cast: Flame Tongue      |    54 |    61 ||   115
       Throw Flame       |    22 |    47 ||    69
  Use: Scroll            |     2 |     7 ||     9
  Eat: Chunk             |     2 |     8 ||    10
Armor: Robe              |     6 |     6 ||    12
Dodge: Dodged            |    25 |    25 ||    50
